 Dungeon Sprint DCSS version 0.26-a0-1026-g544776af23 (webtiles) character file.

Game seed: 8587900316590357303

11721 sahdkjhfkaj the Severer (level 11, -1/113 HPs)
             Began as a Minotaur Berserker on Dec 9, 2020.
             Was the Champion of Trog.
             Killed by divine providence
             ... invoked by an orc priest
              (13 damage)
             ... in the Dungeon (Sprint IX: "|||||||||||||||||||||||||||||").
             The game lasted 00:01:56 (2510 turns).

sahdkjhfkaj the Severer (Minotaur Berserker)        Turns: 2510, Time: 00:01:57

Health: -1/113     AC: 15    Str: 20    XL:     11   Next: 53%
Magic:  10/10      EV: 22    Int:  4    God:    Trog [******]
Gold:   1281       SH:  0    Dex: 15    Spells: 10/10 levels left

rFire    . . .     SeeInvis +   l - +3 war axe "Hetor" {elec, Str-4 Dex+4 SInv}
rCold    . . .     Faith    .   (no shield)
rNeg     . . .     Spirit   .   n - +2 ring mail
rPois    .         Reflect  .   (helmet restricted)
rElec    .         Harm     .   a - +0 cloak
rCorr    .         Rampage  .   m - +0 pair of gloves
Will     .....     NoTele   +   (no boots)
Stlth    +.........             (no amulet)
HPRegen  0.28/turn              p - +2 ring of evasion
MPRegen  0.12/turn              o - +2 ring of protection

@: berserk cooldown, slowed, very slow
A: retaliatory headbutt, horns 2
a: Berserk, Trog's Hand, Brothers in Arms, Renounce Religion


You were in the Dungeon.
You worshipped Trog.
Trog was exalted by your worship.
You visited 1 branch You collected 1281 gold pieces.

Inventory:

Hand Weapons
 l - the +3 war axe "Hetor" (weapon) {elec, Str-4 Dex+4 SInv}
   (You found it in the Dungeon)

   Occasionally, upon striking a foe, it will discharge some electrical energy
   and cause terrible harm.
   It affects your strength (-4).
   It affects your dexterity (+4).
   It lets you see invisible.
Armour
 a - a +0 cloak (worn)
 b - a +0 animal skin
 m - a +0 pair of gloves (worn)
 n - a +2 ring mail (worn)
Jewellery
 o - a +2 ring of protection (right hand)
 p - a +2 ring of evasion (left hand)
Wands
 k - a wand of iceblast (9)
Scrolls
 h - 4 scrolls of blinking
 j - 4 scrolls of remove curse
 s - a scroll of fog
 t - a scroll of identify
 u - 2 scrolls of enchant armour
Potions
 c - 6 potions of curing
 d - 4 potions of heal wounds
 e - a potion of haste
 f - 4 potions of magic
 g - a potion of berserk rage
 i - a potion of invisibility
 q - a potion of resistance
 r - 2 potions of mutation


   Skills:
 + Level 15.5 Fighting
 - Level 20.0 Axes
 + Level 15.3 Armour
 + Level 14.2 Dodging


You had 10 spell levels left.
You didn't know any spells.
Your spell library was empty.

Dungeon Overview and Level Annotations

Branches:
Dungeon (1/1)

Altars:
Cheibriados
Dithmenos
Elyvilon
Fedhas
Gozag
Hepliaklqana
Kikubaaqudgha
Makhleb
Nemelex Xobeh
Okawaru
Qazlal
Ru
Sif Muna
Trog
Uskayaw
Vehumet
Wu Jian
Xom
Yredelemnul
Zin
The Shining One
Beogh
Jiyva
Lugonu

Shops:
D **[[


Innate Abilities, Weirdness & Mutations

You reflexively headbutt those who attack you in melee.
You have a pair of horns on your head.


Message History

Lightning courses through the orc high priest!
You headbutt the orc high priest.
The orc high priest is severely wounded.
The orc high priest barely misses you. You furiously retaliate!
You headbutt the orc high priest. The orange demon completely misses you.
You barely miss the orc high priest.
The orc high priest is severely wounded.
The orc high priest hits you but does no damage.
The orange demon stings you from afar.
* * * LOW HITPOINT WARNING * * *
You slash the orc high priest!
Lightning courses through the orc high priest!
You kill the orc high priest!
Trog accepts your kill.
The smoke demon disappears in a puff of smoke!
The orange demon disappears in a puff of smoke!
The orc priest looks encouraged for a moment.
The orc priest invokes the aid of Beogh against you.
Beogh smites you!
You die...

....))....))'......)?.'__________
▓▓▓▓▓▓▓▓▓▓▓▓▓▓▓▓▓▓▓▓▓▓▓▓▓▓▓▓▓▓▓▓▓
.................................
▓▓▓▓▓▓▓▓▓▓▓▓▓▓▓▓▓▓▓▓▓▓▓▓▓▓▓▓▓▓▓▓▓
'..[[[[..')......†.†).†.......÷.'
▓▓▓▓▓▓▓▓▓▓▓▓▓▓▓▓▓▓▓▓▓▓▓▓▓▓▓▓▓▓▓▓▓
.............................)...
▓▓▓▓▓▓▓▓▓▓▓▓▓▓▓▓▓▓▓▓▓▓▓▓▓▓▓▓▓▓▓▓▓
4oo∩o§@∩)))))).....))))
▓▓▓▓▓▓▓▓▓▓▓▓▓▓▓▓▓▓▓▓▓▓▓


You could see an orc priest.

Vanquished Creatures
  A boulder beetle (D)
  A hydra (D)
  Erica (D)
  A two-headed ogre (D)
  2 orc high priests (D)
  3 orc knights (D)
  An elephant (D)
  6 cane toads (D)
  A komodo dragon (D)
  A troll (D)
  A blink frog (D)
  A wyvern (D)
  A yak (D)
  A wraith (D)
  Grum (D)
  5 wargs (D)
  2 water moccasins (D)
  A hell hound (D)
  10 orc warriors (D)
  An ice beast (D)
  An ogre (D)
  A sky beast (D)
  6 wolves (D)
  4 bullfrogs (D)
  A wight (D)
  4 orc wizards (D)
  10 orc priests (D)
  An adder (D)
  A white imp (D)
  2 adder zombies (D)
  7 orcs (D)
  A bat (D)
  A giant cockroach (D)
  A goblin (D)
  A hobgoblin (D)
  A quokka (D)
  A ball python skeleton (D)
  A kobold (D)
87 creatures vanquished.

Notes
Turn   | Place    | Note
-------+----------+-------------------------------------------
     0 | D        | sahdkjhfkaj the Minotaur Berserker began the quest for the
                  | Orb.
     0 | D        | Reached XP level 1. HP: 19/19 MP: 0/0
     7 | D        | Reached skill level 4 in Axes
    11 | D        | Reached ** piety under Trog
   121 | D        | Noticed a sky beast
   125 | D        | Reached skill level 5 in Axes
   125 | D        | Reached XP level 2. HP: 22/28 MP: 1/1
   132 | D        | Killed a sky beast
   132 | D        | Reached *** piety under Trog
   133 | D        | Reached skill level 5 in Fighting
   133 | D        | Reached skill level 7 in Axes
   133 | D        | Reached skill level 5 in Armour
   133 | D        | Reached XP level 3. HP: 5/37 MP: 2/2
   133 | D        | Reached XP level 4. HP: 6/44 MP: 3/3
   167 | D        | Found a roughly hewn altar of Beogh.
   167 | D        | Found a snail-covered altar of Cheibriados.
   167 | D        | Found a shadowy altar of Dithmenos.
   167 | D        | Found a white marble altar of Elyvilon.
   167 | D        | Found a blossoming altar of Fedhas.
   167 | D        | Found an opulent altar of Gozag.
   282 | D        | Found a hazy altar of Hepliaklqana.
   411 | D        | Found a viscous altar of Jiyva.
   412 | D        | Found an ancient bone altar of Kikubaaqudgha.
   513 | D        | Found a corrupted altar of Lugonu.
   514 | D        | Found a burning altar of Makhleb.
   515 | D        | Found a sparkling altar of Nemelex Xobeh.
   516 | D        | Found an iron altar of Okawaru.
   517 | D        | Found a stormy altar of Qazlal.
   518 | D        | Found a sacrificial altar of Ru.
   519 | D        | Found a shimmering blue altar of Sif Muna.
   520 | D        | Found a bloodstained altar of Trog.
   521 | D        | Found a hide-covered altar of Uskayaw.
   522 | D        | Found a radiant altar of Vehumet.
   523 | D        | Found an ornate altar of the Wu Jian Council.
   524 | D        | Found a shimmering altar of Xom.
   525 | D        | Found a basalt altar of Yredelemnul.
   526 | D        | Found a glowing silver altar of Zin.
   527 | D        | Found a glowing golden altar of the Shining One.
   549 | D        | Got the +3 war axe "Hetor" {elec, Str-4 Dex+4 SInv}
   622 | D        | Noticed an orc warrior
   622 | D        | Noticed an ogre
   622 | D        | Noticed a troll
   622 | D        | Noticed an orc warrior
   622 | D        | Noticed an ice beast
   626 | D        | Killed an ice beast
   626 | D        | Reached **** piety under Trog
   627 | D        | Reached skill level 9 in Axes
   627 | D        | Reached XP level 5. HP: 52/52 MP: 4/4
   632 | D        | Killed an orc warrior
   633 | D        | Reached skill level 10 in Axes
   633 | D        | Reached XP level 6. HP: 61/61 MP: 5/5
   636 | D        | Killed a troll
   637 | D        | Reached skill level 11 in Axes
   640 | D        | Reached skill level 12 in Axes
   640 | D        | Reached XP level 7. HP: 58/70 MP: 6/6
   643 | D        | Reached ***** piety under Trog
   691 | D        | Noticed a wraith
   691 | D        | Noticed a boulder beetle
   691 | D        | Noticed a two-headed ogre
   696 | D        | Killed a two-headed ogre
   697 | D        | Reached skill level 10 in Fighting
   697 | D        | Reached skill level 13 in Axes
   697 | D        | Reached skill level 10 in Armour
   697 | D        | Reached XP level 8. HP: 64/80 MP: 7/7
   703 | D        | Killed a boulder beetle
   704 | D        | Reached skill level 15 in Axes
   704 | D        | Reached skill level 10 in Dodging
   704 | D        | Reached XP level 9. HP: 54/89 MP: 8/8
   715 | D        | Received a gift from Trog
  1027 | D        | Noticed a komodo dragon
  1027 | D        | Noticed a cane toad
  1027 | D        | Noticed a cane toad
  1027 | D        | Noticed a cane toad
  1032 | D        | Killed a cane toad
  1037 | D        | Killed a cane toad
  1038 | D        | Reached skill level 16 in Axes
  1039 | D        | Killed a cane toad
  1049 | D        | Killed a komodo dragon
  1049 | D        | Reached ****** piety under Trog
  1058 | D        | Received a gift from Trog
  1059 | D        | Got a slimy battleaxe {god gift}
  1060 | D        | Identified the +7 battleaxe of the Candle {antimagic,
                  | +Blink +Fly} (Trog gifted it to you in the Dungeon)
  1475 | D        | Noticed a cane toad
  1475 | D        | Noticed a cane toad
  1475 | D        | Noticed an elephant
  1478 | D        | Reached XP level 10. HP: 100/100 MP: 9/9
  1478 | D        | Noticed a seven-headed hydra
  1479 | D        | Noticed a cane toad
  1481 | D        | Reached skill level 17 in Axes
  1490 | D        | Killed an elephant
  1499 | D        | HP: 4/101 [12-headed hydra (3)]
  1500 | D        | HP: 1/101 [13-headed hydra (3)]
  1503 | D        | Killed a 13-headed hydra
  1510 | D        | Killed a cane toad
  1518 | D        | Killed a cane toad
  1518 | D        | Received a gift from Trog
  1519 | D        | Reached skill level 18 in Axes
  1522 | D        | Killed a cane toad
  1777 | D        | Received a gift from Trog
  1868 | D        | Noticed Erica
  1884 | D        | Killed Erica
  1982 | D        | Noticed Grum
  1985 | D        | Reached XP level 11. HP: 108/110 MP: 10/10
  1989 | D        | Received a gift from Trog
  1990 | D        | Reached skill level 19 in Axes
  1993 | D        | Killed Grum
  2041 | D        | Received a gift from Trog
  2053 | D        | Received a gift from Trog
  2172 | D        | Noticed an orc knight
  2172 | D        | Noticed an orc knight
  2179 | D        | Killed an orc knight
  2182 | D        | Noticed an orc knight
  2186 | D        | Killed an orc knight
  2191 | D        | Received a gift from Trog
  2202 | D        | Killed an orc knight
  2208 | D        | Reached skill level 15 in Fighting
  2219 | D        | Received a gift from Trog
  2474 | D        | Found Haocinge's Armour Boutique.
  2475 | D        | Noticed an orc high priest
  2479 | D        | Found Omorghir's Antique Armour Shop.
  2481 | D        | Noticed an orc high priest
  2484 | D        | Found Plog's Assorted Antiques.
  2491 | D        | Killed an orc high priest
  2492 | D        | Reached skill level 20 in Axes
  2492 | D        | Reached skill level 15 in Armour
  2493 | D        | Found Gitolor's Assorted Antiques.
  2493 | D        | Noticed an orc high priest
  2497 | D        | Noticed an orc high priest
  2509 | D        | Killed an orc high priest
  2510 | D        | Killed from afar by an orc priest

Illustrated notes

Levels and vault maps discovered:
D:        linesprint [early_d, line_temple, items_1, d_10, items_2, lair_1,
          lair_end, items_3, orc_1, orc_end, items_4, d_15, swamp_1, shoals_1,
          snake_1, spider_1, d_20, vaults_1, items_5, swamp_end, shoals_end,
          snake_end, spider_end, vaults_end, d_27, items_6, zot_1, zot_end,
          crypt_end, forest_end, elf_end, slime_end, tomb_end, abyss_end,
          pan_hell_end]

Skill      XL: |  1  2  3  4  5  6  7  8  9 10 11 |
---------------+----------------------------------+-----
Axes           | 5 7 9 10 12 13 15 16 18 20 | 20.0
Fighting       | 4 5 7 9 10 11 12 14 15 | 15.5
Armour         | 3 5 6 7 8 10 11 12 14 15 | 15.3
Dodging        | 3 4 6 7 9 10 11 13 14 | 14.2

Action                   |  1- 3 |  4- 6 |  7- 9 | 10-12 || total
-------------------------+-------+-------+-------+-------++-------
Melee: Hand axe          |    22 |     3 |       |       ||    25
       Headbutt          |     2 |     3 |     8 |    38 ||    51
       War axe           |       |    14 |    55 |   148 ||   217
Invok: Berserk           |     1 |     2 |     3 |     5 ||    11
Evoke: Wand              |       |       |       |     1 ||     1
  Use: Potion            |       |       |       |     4 ||     4
       Scroll            |       |       |       |     1 ||     1
Armor: Animal skin       |     4 |       |       |       ||     4
       Ring mail         |       |     4 |     1 |    39 ||    44
Dodge: Dodged            |     9 |    16 |    25 |   131 ||   181

Table legend: (Time is in decaauts)
 A = Elapsed time spent in this place.
 B = Non-inter-level travel time spent in this place.
 C = Inter-level travel time spent in this place.
 D = Time resting spent in this place.
 E = Time spent auto-exploring this place.
 F = Levels seen in this place.
 G = Mean time per level.
                   A        B        C        D        E       F      G
               +--------+--------+--------+--------+--------+-----+--------+
         Total |   2523 |   2523 |      0 |    939 |   1201 |   1 | 2523.0 |
       Dungeon |   2523 |   2523 |      0 |    939 |   1201 |   1 | 2523.0 |
               +--------+--------+--------+--------+--------+-----+--------+

Top non-repeatable levels by time:
       D: 2523 daAuts
